 Dungeon Crawl Stone Soup version 0.28-a0-440-ge3cd3e9c68 (webtiles) character file.

Game seed: 13922513558674430955

2461 wakim the Grappler (level 9, 0/75 HPs)
             Began as a Ghoul Monk on Sept 11, 2021.
             Was a Priest of Makhleb.
             Slain by an unseen horror (9 damage)
             ... on level 6 of the Dungeon.
             The game lasted 00:23:36 (8322 turns).

wakim the Grappler (Ghoul Monk)                     Turns: 8322, Time: 00:23:36

Health: 0/75       AC: 12    Str: 17    XL:     9   Next: 50%
Magic:  20/20      EV: 14    Int: 13    God:    Makhleb [***...]
Gold:   313        SH:  0    Dex: 11    Spells: 8/8 levels left

rFire   x . .      SeeInvis .   b - +3 shortbow
rCold   + + .      Faith    .   (shield currently unavailable)
rNeg    + + +      Spirit   .   o - +2 scale mail {rC+}
rPois   ∞          Reflect  .   k - +0 helmet
rElec   .          Harm     .   s - +2 cloak "Dout" {rF- Int+7 Stlth+}
rCorr   .          Rampage  .   (no gloves)
Will    .....                   (no boots)
Stlth   +.........              v - amulet of magic regeneration
HPRegen 0.00/turn               l - ring of magical power
MPRegen 0.42/turn               n - +4 ring of evasion

@: inhibited regen
A: claws 1, cold resistance 1, negative energy resistance 3, inhibited
regeneration, torment resistance 2
a: Renounce Religion, Minor Destruction, Lesser Servant of Makhleb


You were on level 6 of the Dungeon.
You worshipped Makhleb.
Makhleb was most pleased with you.
You visited 2 branches of the dungeon, and saw 8 of its levels.

You collected 358 gold pieces.
You spent 45 gold pieces at shops.

Inventory:

Hand Weapons
 b - a +3 shortbow (weapon)
Missiles
 d - 32 poisoned darts
 e - 5 boomerangs
 i - 93 arrows (quivered ammo)
 p - 8 javelins
 q - 4 silver javelins
Armour
 k - a +0 helmet (worn)
 m - a +0 plate armour
 o - a +2 scale mail of cold resistance (worn)
 s - the +2 cloak "Dout" (worn) {rF- Int+7 Stlth+}
   (You found it on level 4 of the Dungeon)

   Int:       It affects your intelligence (+7).
   rF:        It makes you vulnerable to fire.
   Stlth:     It makes you more stealthy.
Jewellery
 l - a ring of magical power (left claw)
 n - a +4 ring of evasion (right claw)
 v - an amulet of magic regeneration (around neck)
Wands
 u - a wand of mindburst (10)
 w - a wand of acid (9)
Scrolls
 a - a scroll of fear {unknown}
 c - a scroll of magic mapping {unknown}
 g - 2 scrolls of vulnerability {unknown}
 j - 2 scrolls of enchant armour {unknown}
 r - a scroll of holy word {unknown}
 t - 3 scrolls of acquirement {unknown}
 x - a scroll of immolation {unknown}
 T - 2 scrolls of teleportation
Potions
 h - a potion of invisibility {unknown}
 F - a potion of curing
 G - 2 potions of flight
 H - 3 potions of haste


   Skills:
 - Level 6.1 Fighting
 * Level 0.4 Bows
 * Level 0.4 Armour
 * Level 2.8 Dodging
 - Level 2.1 Stealth
 - Level 12.0 Unarmed Combat
 + Level 4.0 Invocations
 + Level 0.1 Evocations


You had 8 spell levels left.
You didn't know any spells.
Your spell library contained the following spells:

 Spells                   Type           Power      Damage    Failure   Level
 Foxfire                  Conj/Fire      0%         2x1d4     73%         1
 Magic Dart               Conj           0%         1d3       73%         1
 Searing Ray              Conj           0%         2d4       86%         2
 Conjure Flame            Conj/Fire      0%         6-21      97%         3
 Inner Flame              Hex/Fire       0%         N/A       97%         3
 Flame Wave               Conj/Fire      0%         3d3       100%        4
 Fulminant Prism          Conj/Hex       0%         3d6       100%        4
 Petrify                  Tmut/Erth      0%         N/A       100%        4
 Irradiate                Conj/Tmut      0%         3d13      100%        5
 Sublimation of Blood     Necr           Unusable   N/A       N/A         2

Dungeon Overview and Level Annotations

Branches:
Dungeon (7/15)             Temple (1/1) D:4

Altars:
Ashenzari
Cheibriados
Dithmenos
Elyvilon
Fedhas
Gozag
Hepliaklqana
Kikubaaqudgha
Makhleb
Nemelex Xobeh
Okawaru
Qazlal
Ru
Sif Muna
Trog
Uskayaw
Vehumet
Wu Jian
Xom
Yredelemnul
Zin
The Shining One

Shops:
D:5 !

Annotations:
D:6 2 transporters


Innate Abilities, Weirdness & Mutations

You thrive by killing the living.
You are immune to poison.
You have sharp fingernails.
Your flesh is cold resistant. (rC+)
You are immune to negative energy. (rN+++)
You do not regenerate when monsters are visible.
You are immune to unholy pain and torment.


Message History

Fire: 101 arrows
Press: ? - help, Q - select action, (/) - cycle Shift-Dir - straight line You shoot an arrow.
Something hits you but does no damage.
Fire: 100 arrows
Press: ? - help, Q - select action, (/) - cycle Shift-Dir - straight line You shoot an arrow.
Something barely misses you.
You feel much better.
Fire: 99 arrows
Press: ? - help, Q - select action, (/) - cycle Shift-Dir - straight line You shoot an arrow.
Something hits you but does no damage.
Fire: 98 arrows
Press: ? - help, Q - select action, (/) - cycle Shift-Dir - straight line You shoot an arrow.
Something hits you but does no damage. Something hits you.
* * * LOW HITPOINT WARNING * * *
Fire: 97 arrows
Press: ? - help, Q - select action, (/) - cycle Shift-Dir - straight line You shoot an arrow.
Something hits you but does no damage. x3
Unknown command.
Fire: 96 arrows
Press: ? - help, Q - select action, (/) - cycle Shift-Dir - straight line You shoot an arrow.
Something hits you!
* * * LOW HITPOINT WARNING * * *
Something hits you.
* * * LOW HITPOINT WARNING * * *
Fire: 95 arrows
Press: ? - help, Q - select action, (/) - cycle Shift-Dir - straight line You shoot an arrow.
Something hits you.
* * * LOW HITPOINT WARNING * * *
Fire: 94 arrows
Press: ? - help, Q - select action, (/) - cycle Shift-Dir - straight line You shoot an arrow.
Something hits you!
You die...

#....+.............
#.####...#.........
#.# #...#.........
#.# #...#.........
#.# #...#.........
#.# #...#.........
#.# #...#.........
#.####...#.........
#.@(.....(.........
###########........
#........ #.......>
#........ #........
#........ #........
#........


There were no monsters in sight!

Vanquished Creatures
  A wyvern (D:6)
  A steam dragon (D:6)
  Menkaure (D:6)
  3 necrophages
  A sky beast (D:6)
  6 ogres
  A centaur (D:6)
  A phantom (D:6)
  2 scorpions
  5 wights (D:6)
  3 howler monkeys
  A centaur skeleton (D:4)
  3 hounds
  A bullfrog skeleton (D:6)
  2 orc priests
  3 iguanas
  Terence (D:1)
  An orc wizard (D:6)
  A scorpion zombie (D:5)
  A hound skeleton (D:5)
  8 adders
  4 gnolls (D:2)
  2 white imps (D:5)
  An ufetubus (D:4)
  5 dart slugs
  11 orcs
  10 ball pythons
  11 bats
  2 endoplasms
  3 giant cockroaches
  8 goblins
  8 hobgoblins
  A jackal (D:2)
  6 kobolds
  7 quokkas
  6 frilled lizards
  9 rats
  A butterfly (D:4)
142 creatures vanquished.

Vanquished Creatures (others)
  A plant (D:2)
1 creature vanquished.

Grand Total: 143 creatures vanquished

Notes
Turn   | Place    | Note
-------+----------+-------------------------------------------
     0 | D:1      | wakim the Ghoul Monk began the quest for the Orb.
     0 | D:1      | Reached XP level 1. HP: 19/19 MP: 0/0
   235 | D:1      | Reached XP level 2. HP: 18/26 MP: 1/1
   536 | D:1      | Reached skill level 4 in Unarmed Combat
   736 | D:1      | Reached XP level 3. HP: 32/33 MP: 2/2
  1485 | D:2      | Reached XP level 4. HP: 39/40 MP: 3/3
  1744 | D:2      | Found a faded altar of an unknown god.
  1823 | D:2      | Reached skill level 5 in Unarmed Combat
  1981 | D:2      | Noticed Terence
  2001 | D:1      | Killed Terence
  2002 | D:1      | Reached XP level 5. HP: 47/47 MP: 4/4
  2614 | D:3      | Found an ancient bone altar of Kikubaaqudgha.
  3407 | D:4      | Noticed an ogre
  3469 | D:4      | Noticed an ogre
  3488 | D:3      | Killed an ogre
  3489 | D:3      | Reached skill level 5 in Fighting
  3489 | D:3      | Reached skill level 6 in Unarmed Combat
  3489 | D:3      | Reached XP level 6. HP: 37/56 MP: 5/5
  4082 | D:4      | Found a staircase to the Ecumenical Temple.
  4247 | Temple   | Entered the Ecumenical Temple
  4554 | Temple   | Became a worshipper of Makhleb the Destroyer
  4554 | Temple   | Reached * piety under Makhleb
  4554 | Temple   | Reached ** piety under Makhleb
  4759 | D:4      | Identified the +2 cloak "Dout" {rF- Int+7 Stlth+}
  4863 | D:4      | Reached skill level 7 in Unarmed Combat
  4863 | D:4      | Reached XP level 7. HP: 61/61 MP: 6/6
  5454 | D:4      | Reached skill level 8 in Unarmed Combat
  5530 | D:5      | Entered Level 5 of the Dungeon
  5594 | D:5      | Reached skill level 1 in Invocations
  5678 | D:5      | Reached XP level 8. HP: 69/70 MP: 7/7
  5920 | D:5      | Found Zoti's Distillery.
  5939 | D:5      | Bought a potion of curing for 45 gold pieces
  6347 | D:5      | Reached skill level 9 in Unarmed Combat
  7072 | D:7      | Noticed a wyvern
  7152 | D:6      | Reached skill level 10 in Unarmed Combat
  7157 | D:6      | Noticed Menkaure
  7166 | D:6      | Killed Menkaure
  7200 | D:6      | Reached XP level 9. HP: 74/75 MP: 11/11
  7374 | D:6      | Reached *** piety under Makhleb
  7375 | D:6      | Reached skill level 11 in Unarmed Combat
  7585 | D:6      | Found a transporter.
  7586 | D:6      | Noticed an orc high priest
  7605 | D:6      | Found a transporter.
  7619 | D:6      | Noticed a kobold demonologist
  8101 | D:6      | Reached skill level 12 in Unarmed Combat
  8313 | D:6      | HP: 3/75 [something (7)]
  8322 | D:6      | Slain by an unseen horror

Illustrated notes

Levels and vault maps discovered:
D:1:      dpeg_arrival_court, layout_basic
D:2:      wad_river_or_something, layout_loops_ring,
          shapermc_ecumenical_altar_venn, serial_bayou_pond_c, hex_large,
          minmay_misc_feat_five, hex_tiny, uniq_terence
D:3:      layout_basic, kiku_gazebo_pond_becter, kennysheep_nub,
          serial_park_tiny_2, serial_bayou_lagoon_b
D:4:      layout_gridville, minmay_temple_entry_butterflies
D:5:      layout_gridville, serial_shops, nicolae_shop_trees
D:6:      gammafunk_wand_slinger, layout_basic,
          amcnicky_mini_rare_corridor_liquid, uniq_menkaure
D:7:      layout_layer_cave, minmay_small_thing, uniq_crazy_yiuf_cottage
Temple:   regret_index_temple_sigil_plot

Skill      XL: |  1  2  3  4  5  6  7  8  9 |
---------------+----------------------------+-----
Unarmed Combat | 4 5 6 7 8 10 12 | 12.0
Fighting       | 4 5 6 |  6.1
Invocations    | 1 4 |  4.0
Bows           | |  0.4
Armour         | |  0.4
Dodging        | |  2.8
Stealth        | |  2.1
Evocations     | |  0.1

Action                   |  1- 3 |  4- 6 |  7- 9 || total
-------------------------+-------+-------+-------++-------
Melee: Unarmed           |   120 |   162 |   178 ||   460
       Punch             |     1 |     2 |     4 ||     7
       Shortbow          |       |       |     1 ||     1
 Fire: Shortbow          |       |       |    51 ||    51
Throw: Dart              |       |    36 |    31 ||    67
  Use: Scroll            |       |     1 |     7 ||     8
       Potion            |       |       |     1 ||     1
 Stab: Sleeping          |     3 |       |       ||     3
       Distracted        |       |       |     1 ||     1
Armor: Robe              |    15 |       |       ||    15
       Ring mail         |    12 |    11 |       ||    23
       Plate armour      |       |    11 |       ||    11
       Scale mail        |       |    61 |    85 ||   146
Dodge: Dodged            |    77 |    71 |    77 ||   225

Table legend: (Time is in decaauts)
 A = Elapsed time spent in this place.
 B = Non-inter-level travel time spent in this place.
 C = Inter-level travel time spent in this place.
 D = Time resting spent in this place.
 E = Time spent auto-exploring this place.
 F = Levels seen in this place.
 G = Mean time per level.
                   A        B        C        D        E       F      G
               +--------+--------+--------+--------+--------+-----+--------+
         Total |   8297 |   7529 |    768 |    518 |   5274 |   8 | 1037.1 |
       Dungeon |   7972 |   7238 |    734 |    518 |   5004 |   7 | 1138.9 |
        Temple |    324 |    290 |     34 |      0 |    270 |   1 |  324.0 |
               +--------+--------+--------+--------+--------+-----+--------+

Top non-repeatable levels by time:
     D:4: 1520 daAuts
     D:6: 1361 daAuts
     D:1: 1348 daAuts
     D:3: 1297 daAuts
     D:2: 1244 daAuts
     D:5: 1183 daAuts
  Temple: 324 daAuts
     D:7: 17 daAuts
